 Dungeon Crawl Stone Soup version 0.27.0-1-g7a089689b8 (webtiles) character file.

Game seed: 6484774353827783391

3777 avis the Grappler (level 10, -3/72 HPs)
             Began as an Octopode Transmuter on Aug 14, 2021.
             Was an Initiate of Gozag.
             Slain by a steam dragon (4 damage)
             ... on level 7 of the Dungeon.
             The game lasted 01:06:53 (12050 turns).

avis the Grappler (Octopode Transmuter)            Turns: 12050, Time: 01:06:53

Health: -3/72      AC:  2    Str: 13    XL:     10   Next: 16%
Magic:  8/14       EV: 22    Int: 16    God:    Gozag
Gold:   286        SH:  0    Dex: 17    Spells: 7/15 levels left

rFire    . . .     SeeInvis .     - Unarmed
rCold    . . .     Faith    .   (shield currently unavailable)
rNeg     . . .     Spirit   .   (helmet currently unavailable)
rPois    .         Reflect  .   (no amulet)
rElec    .         Harm     .   r - ring of poison resistance
rCorr    .         Rampage  .   F - ring of willpower
Will     +....                  (no ring)
Stlth    ++........             (no ring)
HPRegen  0.22/turn              (no ring)
MPRegen  0.14/turn              (no ring)
                                (no ring)
                                (no ring)

@: spider-form (expiring), gold aura, studying Polearms
A: venomous fangs, almost no armour, (amphibious), 8 rings, tiny, (camouflage
1), (gelatinous body 1), (nimble swimmer 1), (tentacles)
a: End Transformation, Renounce Religion, Potion Petition, Call Merchant, Bribe
Branch


You were on level 7 of the Dungeon.
You worshipped Gozag.
Gozag was aware of your devotion.
You were a venomous arachnid creature.
You visited 2 branches of the dungeon, and saw 11 of its levels.

You collected 728 gold pieces.
You spent 348 gold pieces at shops.
You paid 94 gold pieces to Gozag.

Inventory:

Hand Weapons
 b - a +3 hunting sling of freezing (melded)
 v - the +2 spear of Pyromania {protect, *Corrode rN++}
   (You found it on level 9 of the Dungeon)

   It grants its wielder temporary protection when it strikes (+7 to AC).
   rN:        It greatly protects you from negative energy.
   *Corrode:  It may corrode you when you take damage.
 G - a +2 halberd of protection
Missiles
 a - a throwing net
 d - 224 stones
 e - 4 boomerangs
 f - 41 sling bullets
 j - 35 poisoned darts
 m - 6 javelins
 E - 74 arrows
Armour
 k - a +0 buckler
 B - a +2 hat (melded)
Jewellery
 r - a ring of poison resistance (left front leg)
 F - a ring of willpower (right front leg)
Wands
 c - a wand of polymorph (11)
 n - a wand of iceblast (13)
 o - a wand of flame (46)
Scrolls
 l - 6 scrolls of teleportation
 q - 2 scrolls of noise {unknown}
 t - 2 scrolls of magic mapping
 u - a scroll of acquirement {unknown}
 x - a scroll of holy word {unknown}
 y - a scroll of blinking {unknown}
 A - a scroll of fog {unknown}
Potions
 g - 2 potions of might
 h - 2 potions of curing
 i - a potion of haste
 p - a potion of magic
 s - a potion of cancellation
 w - a potion of flight
 z - a potion of mutation
 C - a potion of brilliance {unknown}
 D - a potion of heal wounds {unknown}


   Skills:
 - Level 8.0 Fighting
 - Level 5.0 Dodging
 - Level 3.0 Stealth
 * Level 8.0 Unarmed Combat
 - Level 3.0 Spellcasting
 - Level 6.0 Transmutations
 - Level 4.0 Ice Magic
 - Level 2.0 Poison Magic


You had 7 spell levels left.
You knew the following spells:

 Your Spells              Type           Power      Damage    Failure   Level
a - Beastly Appendage     Tmut           42%        N/A       7%          1
p - Spider Form           Tmut/Pois      7%         N/A       26%         3
q - Ice Form              Ice/Tmut       18%        N/A       45%         4

Your spell library contained the following spells:

 Spells                   Type           Power      Damage    Failure   Level
 Wereblood                Tmut           21%        N/A       9%          2
 Ensorcelled Hibernation  Hex/Ice        16%        N/A       28%         2
 Animate Skeleton         Necr           4%         N/A       38%         1
 Apportation              Tloc           4%         N/A       38%         1
 Corona                   Hex            2%         N/A       38%         1
 Pain                     Necr           8%         1d4       38%         1
 Summon Small Mammal      Summ           8%         N/A       38%         1
 Call Canine Familiar     Summ           2%         N/A       71%         3
 Portal Projectile        Hex/Tloc       4%         N/A       71%         3
 Stone Arrow              Conj/Erth      4%         3d7       71%         3
 Tukima's Dance           Hex            2%         N/A       71%         3
 Yara's Violent Unravell  Hex/Tmut       6%         3d5       94%         5
 Leda's Liquefaction      Hex/Erth       1%         N/A       96%         4
 Agony                    Necr           2%         N/A       100%        5
 Bolt of Magma            Conj/Fire/Erth 1%         4d4       100%        5
 Excruciating Wounds      Necr           1%         N/A       100%        5
 Malign Gateway           Summ/Tloc      1%         N/A       100%        7
 Shatter                  Erth           1%         3d5*      100%        9


Dungeon Overview and Level Annotations

Branches:
Dungeon (10/15)            Temple (1/1) D:4
   Lair: D:8-11         Orc: D:9-12

Altars:
Ashenzari
Cheibriados
Elyvilon
Fedhas
Gozag
Kikubaaqudgha
Makhleb
Nemelex Xobeh
Okawaru
Qazlal
Ru
Sif Muna
Trog
Uskayaw
Vehumet
Wu Jian
Xom
Yredelemnul
Zin
The Shining One

Shops:
D:2 ?   D:4 [   D:6 *

Annotations:
D:3 3 runed translucent doors, Phlounder's ghost, amateur NaVM
D:7 Menkaure


Innate Abilities, Weirdness & Mutations

You are a venomous arachnid creature.
You have poisonous fangs.
You are tiny and dextrous.
Your spellcasting is less reliable in this form.
Your armour is entirely melded.
You are incapable of wielding weapons or throwing items.
You cannot wear most types of armour.
((You are amphibious.))
You can wear up to eight rings at the same time.
((Your skin changes colour to match your surroundings (Stealth+).))
((Your rubbery body absorbs attacks. (AC +1, EV +1)))
((You are camouflaged near water. (Stealth+)))
((You have tentacles for arms and can constrict up to eight enemies at once.))


Message History

You punch the howler monkey! You freeze the howler monkey.
The howler monkey is heavily wounded.
The howler monkey completely misses you.
The steam dragon breathes steam at you. The ball of steam hits you!!
The steam scalds you terribly! The howler monkey barely misses you.
You hit the howler monkey. You freeze the howler monkey.
You kill the howler monkey!
The steam dragon breathes steam at you. The ball of steam hits you!!
The steam scalds you terribly!
* * * LOW HITPOINT WARNING * * *
You warm up again.
Your +3 hunting sling of freezing unmelds from your body.
Your +2 hat unmelds from your body.
Your +3 hunting sling of freezing is covered in frost.
Casting: Ice Form (dangerous; 24% risk of failure)
Confirm with . or Enter, or press ? or * to list all spells.
You turn into a venomous arachnid creature.
Your +3 hunting sling of freezing melds into your body.
Your +2 hat melds into your body.
Your +3 hunting sling of freezing stops glowing.
You hit the steam dragon but do no damage.
The steam dragon is poisoned.
The steam dragon closely misses you.
The steam dragon claws you but does no damage.
You hit the steam dragon.
The steam dragon looks as sick as possible!
The steam dragon is lightly wounded.
Your transformation is almost over.
The steam dragon completely misses you. The steam dragon closely misses you.
You hit the steam dragon but do no damage.
The steam dragon looks as sick as possible!
The steam dragon is moderately wounded.
The steam dragon breathes steam at you. The ball of steam hits you!
* * * LOW HITPOINT WARNING * * *
You are engulfed in a cloud of scalding steam.
* * * LOW HITPOINT WARNING * * *
The steam dragon misses you. The steam dragon claws you.
You die...
Your body crumbles into a pile of gold.

..# #..##...###...#
#.# ##.#..... #...##
.(. .>..#..###...#
#.. #............#.##
#. .............[.#
...#.##§.#.....# #
#§§##...## . ##§§#
#### #§Ds# [....
#.$## #...# .#
..#...# #...#
.##....... ....###
.........##
......###.......##
..................
.....................
.#..................#


You could see a steam dragon (extremely poisoned).

Vanquished Creatures
  A death yak (D:9)
  Grinder (D:4)
  A yak (D:9)
  Eustachio (D:3)
  A steam dragon (D:5)
  A water moccasin (D:3)
  2 ice beasts
  An orc warrior (D:6)
  A necrophage (D:7)
  A black bear (D:4)
  An ogre (D:3)
  3 centaurs
  A phantom (D:5)
  Blork the orc (D:6)
  2 scorpions (D:6)
  A gnoll sergeant (D:6)
  A wyvern skeleton (D:6)
  A water moccasin skeleton (D:5)
  4 killer bees (D:9)
  3 howler monkeys
  A bullfrog zombie (D:6)
  A centaur zombie (D:6)
  4 hounds
  2 orc priests (D:4)
  2 jellies
  A bullfrog skeleton (D:6)
  4 centaur skeletons
  A gnoll shaman (D:8)
  2 iguanas
  5 orc wizards
  2 killer bee zombies
  9 gnolls
  9 adders
  A shadow imp (D:6)
  An ufetubus (D:5)
  An adder skeleton (D:4)
  2 worms
  10 orcs
  5 endoplasms
  4 giant cockroaches
  11 hobgoblins
  15 jackals
  2 quokkas
  11 ball pythons
  5 bats
  7 frilled lizards
  7 goblins
  7 kobolds
  8 rats
  A bush (D:2)
170 creatures vanquished.

Vanquished Creatures (others)
  An orc (D:5)
  A ball python (D:4)
  A plant (D:2)
3 creatures vanquished.

Grand Total: 173 creatures vanquished

Notes
Turn   | Place    | Note
-------+----------+-------------------------------------------
     0 | D:1      | avis the Octopode Transmuter began the quest for the Orb.
     0 | D:1      | Reached XP level 1. HP: 13/13 MP: 3/3
   109 | D:1      | Reached XP level 2. HP: 10/18 MP: 5/5
   402 | D:1      | Reached skill level 1 in Poison Magic
   554 | D:1      | Found a faded altar of an unknown god.
   807 | D:1      | Reached XP level 3. HP: 15/23 MP: 4/6
  1141 | D:1      | Learned a level 3 spell: Spider Form
  1581 | D:2      | Reached XP level 4. HP: 29/29 MP: 7/7
  1595 | D:2      | Found Qeuh's Magic Scroll Shoppe.
  2345 | D:3      | Found a blossoming altar of Fedhas.
  2415 | D:3      | Found a runed translucent gate.
  2415 | D:3      | Found a runed translucent gate.
  2420 | D:3      | Found a runed translucent gate.
  2423 | D:3      | Noticed Phlounder's ghost (amateur NaVM)
  2845 | D:3      | Reached XP level 5. HP: 16/34 MP: 3/8
  2850 | D:3      | Learned a level 4 spell: Ice Form
  3624 | D:3      | Noticed a water moccasin
  3641 | D:3      | Killed a water moccasin
  3642 | D:3      | Reached XP level 6. HP: 6/42 MP: 4/10
  4205 | D:4      | Noticed a black bear
  4830 | D:3      | Reached skill level 5 in Unarmed Combat
  4925 | D:4      | Reached XP level 7. HP: 33/46 MP: 5/11
  5055 | D:4      | Reached skill level 5 in Transmutations
  5071 | D:4      | Reached skill level 1 in Ice Magic
  5083 | D:4      | Found a broken altar of Ashenzari.
  5312 | D:4      | Noticed Eustachio
  5929 | D:3      | Killed Eustachio
  6296 | D:4      | Found a staircase to the Ecumenical Temple.
  6308 | Temple   | Entered the Ecumenical Temple
  6625 | D:4      | Found Lonuikk's Antique Armour Emporium.
  6745 | D:5      | Entered Level 5 of the Dungeon
  6745 | D:5      | Noticed Grinder
  6752 | D:4      | Paralysed by Grinder for 5 turns
  6760 | D:4      | Killed Grinder
  6761 | D:4      | Reached XP level 8. HP: 33/54 MP: 10/12
  6884 | D:5      | Reached skill level 1 in Stealth
  7746 | D:6      | Found an opulent altar of Gozag.
  7758 | D:6      | Found Gozag's Platinum Reserve.
  7764 | D:6      | Became a worshipper of Gozag Ym Sagoz the Greedy
  7852 | D:2      | Bought a scroll of identify for 24 gold pieces
  7852 | D:2      | Bought a scroll of magic mapping for 42 gold pieces
  7852 | D:2      | Bought a scroll of teleportation for 36 gold pieces
  7852 | D:2      | Bought a scroll of immolation for 42 gold pieces
  8804 | D:6      | Reached XP level 9. HP: 8/60 MP: 10/13
  9108 | D:6      | Reached skill level 5 in Fighting
  9471 | D:6      | Noticed Blork the orc
  9517 | D:6      | Killed Blork the orc
 10033 | D:2      | Bought a scroll of silence for 90 gold pieces
 10033 | D:2      | Bought a scroll of enchant armour for 90 gold pieces
 10033 | D:2      | Bought a scroll of identify for 24 gold pieces
 10361 | D:7      | Got the Grimoire of Dislocated Changing
 10714 | D:7      | Reached skill level 5 in Dodging
 10802 | D:7      | Noticed Menkaure
 11136 | D:7      | You fall into a shaft and drop 3 floors!
 11136 | D:10     | Entered Level 10 of the Dungeon
 11136 | D:10     | Found an ancient bone altar of Kikubaaqudgha.
 11183 | D:10     | Noticed a two-headed ogre
 11216 | D:9      | Noticed a death yak
 11224 | D:9      | Killed a death yak
 11225 | D:9      | Reached XP level 10. HP: 22/71 MP: 14/14
 11534 | D:9      | Identified the +2 spear of Pyromania {protect, *Corrode
                  | rN++}
 12050 | D:7      | HP: 1/72 [steam dragon] (6)]
 12050 | D:7      | Slain by a steam dragon

Illustrated notes

Levels and vault maps discovered:
D:1:      kennysheep_arrival_forest, layout_rooms,
          hellmonk_ecumenical_altar_inner_sanctum
D:2:      layout_basic, serial_forest, infiniplex_forest_straight_2,
          infiniplex_forest_end_1, infiniplex_forest_end_1,
          infiniplex_forest_lined_room_3, serial_shops, nicolae_diamond_shop,
          minmay_misc_feat_square, minmay_pentomino_p4
D:3:      layout_loops_ring, amcnicky_altar_gilded, ebering_ghost_rock_garden,
          minmay_goblin_kobold_house
D:4:      layout_rooms, mainiacjoe_overflow_small_starburst,
          minmay_temple_entry_large_hall, serial_shops, nicolae_shop_stone,
          minmay_manual_moon, uniq_eustachio
D:5:      layout_rooms, hangedman_abyss_or_decor_passed, uniq_grinder
D:6:      layout_rooms, nicolae_gozag_zags_fifth_avenue, uniq_blork_the_orc
D:7:      layout_cave_pools, gammafunk_ghost_grave, uniq_menkaure,
          uniq_crazy_yiuf_cottage
D:8:      layout_loops_ring, nicolae_dithmenos_the_darkroom,
          kennysheep_generic_room_11
D:9:      layout_basic, mainiacjoe_overflow_surrounded_room, dpeg_lair_monsters,
          nicolae_shop_clearance, uniq_erolcha
D:10:     layout_rooms, kiku_gazebo_pond_becter, erik_orc_1,
          nicolae_trove_entry_columns, minmay_ruffians
Temple:   nicolae_temple_elliptical

Skill      XL: |  1  2  3  4  5  6  7  8  9 10 |
---------------+-------------------------------+-----
Poison Magic   | 1 2 |  2.0
Fighting       | 2 3 4 7 8 |  8.0
Unarmed Combat | 4 5 7 8 |  8.0
Transmutations | 3 4 5 6 |  6.0
Spellcasting   | 3 |  3.0
Ice Magic      | 2 4 |  4.0
Dodging        | 3 5 |  5.0
Stealth        | 3 |  3.0

Action                   |  1- 3 |  4- 6 |  7- 9 | 10-12 || total
-------------------------+-------+-------+-------+-------++-------
Melee: Club              |    18 |       |       |       ||    18
       Constrict         |    17 |     6 |     1 |       ||    24
       Tentacles         |    10 |    26 |     1 |       ||    37
       Unarmed           |    13 |    86 |   261 |    36 ||   396
       Punch             |     2 |     2 |       |       ||     4
       Dagger            |    40 |   104 |     1 |       ||   145
       Kick              |    14 |     4 |     2 |       ||    20
       Hand axe          |       |       |    10 |       ||    10
 Fire: Hunting sling     |    19 |    48 |       |       ||    67
 Cast: Beastly Appendage |    21 |     4 |     6 |       ||    31
       Spider Form       |     2 |    22 |    36 |     6 ||    66
       Ice Form          |       |       |     9 |     4 ||    13
 Abil: End Transformatio |       |       |       |     1 ||     1
  Use: Potion            |       |     1 |       |       ||     1
       Scroll            |       |       |     6 |     2 ||     8
 Stab: Sleeping          |     3 |     2 |     3 |       ||     8
Armor: Skin              |     9 |     5 |    43 |    14 ||    71
Dodge: Dodged            |    53 |    85 |   290 |    40 ||   468
